 Dungeon Crawl Stone Soup version 0.28-a0-595-g9f6c0e134a (webtiles) character file.

Game seed: 7965440509773754905

38 siradein the Sneak (level 3, -3/28 HPs)
             Began as a Draconian Enchanter on Oct 5, 2021.
             Splashed by a jelly's acid (5 damage)
             ... on level 2 of the Dungeon.
             The game lasted 00:03:19 (1896 turns).

siradein the Sneak (Draconian Enchanter)            Turns: 1896, Time: 00:03:20

Health: -3/28      AC:  1    Str: 10    XL:     3   Next: 25%
Magic:  4/6        EV: 12    Int: 15    God:
Gold:   76         SH:  0    Dex: 12    Spells: 1/6 levels left

rFire   . . .      SeeInvis .   a - +1 dagger
rCold   . . .      Faith    .   (no shield)
rNeg    . . .      Spirit   .   (armour unavailable)
rPois   .          Reflect  .   (helmet restricted)
rElec   .          Harm     .   (no cloak)
rCorr   .          Rampage  .   (no gloves)
Will    .....                   (no boots)
Stlth   ++........              (no amulet)
HPRegen 0.09/turn               (no ring)
MPRegen 0.10/turn               (no ring)

@: corroded
A: AC +5, unfitting armour, cold-blooded
a: no special abilities


You were on level 2 of the Dungeon.
You visited 1 branch of the dungeon, and saw 2 of its levels.

You collected 76 gold pieces.

Inventory:

Hand Weapons
 a - a +1 dagger (weapon)
Missiles
 c - 20 sling bullets
 e - 36 stones (quivered)
 g - 6 poisoned darts
Scrolls
 d - a scroll of identify {unknown}
 h - a scroll of vulnerability {unknown}
Potions
 b - a potion of invisibility
 f - a potion of berserk rage {unknown}


   Skills:
 + Level 1.0 Fighting
 + Level 1.5 Short Blades
 + Level 2.1 Dodging
 + Level 3.0 Stealth
 + Level 2.2 Spellcasting
 + Level 2.9 Hexes


You had one spell level left.
You knew the following spells:

 Your Spells              Type           Power      Damage    Failure   Level
a - Ensorcelled Hibernat  Hex/Ice        12%        N/A       19%         2
b - Confusing Touch       Hex            10%        N/A       19%         3

Your spell library contained the following spells:

 Spells                   Type           Power      Damage    Failure   Level
 Tukima's Dance           Hex            10%        N/A       19%         3
 Dazzling Flash           Conj/Hex       12%        N/A       34%         3
 Portal Projectile        Hex/Tloc       12%        N/A       34%         3
 Blade Hands              Tmut           0%         N/A       99%         5
 Excruciating Wounds      Necr           0%         N/A       99%         5


Dungeon Overview and Level Annotations

Branches:
Dungeon (2/15)

Altars:
Ru

Shops:
D:1 !


Innate Abilities, Weirdness & Mutations

Your plain brown scales are hard. (AC +5)
You cannot fit into any form of body armour.
You are cold-blooded and may be slowed by cold attacks.


Message History

Throw: 40 stones
Press: ? - help, Q - select action, (/) - cycle Shift-Dir - straight line, f/p - jelly
Aim: a jelly (lightly wounded, 89% to hit)
You throw a stone. The stone hits the jelly.
The jelly is lightly wounded.
Unknown command.
Throw: 39 stones
Press: ? - help, Q - select action, (/) - cycle Shift-Dir - straight line, f/p - jelly
Aim: a jelly (lightly wounded, 89% to hit)
You throw a stone. The stone hits the jelly.
The jelly is moderately wounded.
Unknown command.
Throw: 38 stones
Press: ? - help, Q - select action, (/) - cycle Shift-Dir - straight line, f/p - jelly
Aim: a jelly (moderately wounded, 89% to hit)
You throw a stone. The stone hits the jelly.
The jelly is moderately wounded.
Unknown command.
Throw: 37 stones
Press: ? - help, Q - select action, (/) - cycle Shift-Dir - straight line, f/p - jelly
Aim: a jelly (moderately wounded, 89% to hit)
You throw a stone. The stone hits the jelly.
The jelly is heavily wounded.
Unknown command.
Casting: Ensorcelled Hibernation (safe; 19% risk of failure)
Confirm with . or Enter, or press ? or * to list all spells.
Aiming: Ensorcelled Hibernation (safe; 19% risk of failure)
Press: ? - help, Shift-Dir - straight line, f/p - jelly
Aim: a jelly (heavily wounded, chance to affect: 47%)
The jelly resists with some effort.
You hit the jelly.
Your hands burn!
The jelly is heavily wounded.
The jelly hits you.
You are splashed with acid!
You hit the jelly. The acid corrodes you!
Your hands burn!
The jelly is severely wounded.
The jelly hits you.
You are splashed with acid!
* * * LOW HITPOINT WARNING * * *
You are too injured to fight recklessly!
You hit the jelly but do no damage.
Your hands burn!
You die...

#####...######.#.#.....
#...# #.#†#..... #...#
#.#.#.#.## #...#
#.......# #...#
###.##### ##.## ##.##
#.# #...## #.# #<#.#<#
#@# #.##.......
......J...# ## ###.####
......###.... .##
...... .#### # ...(. #
..(.. .(.. .(..


You could see a jelly.

Vanquished Creatures
  An adder (D:2)
  A dart slug (D:1)
  2 ball pythons
  4 endoplasms (D:1)
  6 hobgoblins
  3 bats
  2 frilled lizards (D:1)
  2 goblins
  2 kobolds
  3 rats (D:1)
26 creatures vanquished.

Notes
Turn   | Place    | Note
-------+----------+-------------------------------------------
     0 | D:1      | siradein the Draconian Enchanter began the quest for the
                  | Orb.
     0 | D:1      | Reached XP level 1. HP: 14/14 MP: 3/3
   135 | D:1      | Found a faded altar of an unknown god.
   543 | D:1      | Reached XP level 2. HP: 16/22 MP: 5/5
   546 | D:1      | Learned a level 2 spell: Ensorcelled Hibernation
  1256 | D:1      | Found Poub's Distillery.
  1431 | D:2      | Found a sacrificial altar of Ru.
  1454 | D:2      | Reached skill level 1 in Fighting
  1454 | D:2      | Reached skill level 3 in Stealth
  1454 | D:2      | Reached XP level 3. HP: 18/28 MP: 6/6
  1633 | D:2      | Learned a level 3 spell: Confusing Touch
  1896 | D:2      | Splashed by a jelly's acid

Illustrated notes

Levels and vault maps discovered:
D:1:      minmay_arrival_five_plusses, layout_loops_ring, serial_shops, shop,
          chequers_ecumenical_altar_simple_redux
D:2:      layout_loops_cross, basic_altar, serial_shops, shop,
          hangedman_decor_points

Skill      XL: |  1  2 |
---------------+-------+-----
Dodging        | 2 |  2.1
Fighting       | 1 |  1.0
Stealth        | 3 |  3.0
Short Blades   | |  1.5
Spellcasting   | |  2.2
Hexes          | |  2.9

Action                   || total
-------------------------++-------
Melee: Dagger            ||   106
       Tailslap          ||     6
Throw: Stone             ||     5
 Cast: Ensorcelled Hiber ||     2
 Stab: Sleeping          ||     4
       Distracted        ||     1
Armor: Skin              ||    33
Dodge: Dodged            ||    71

Table legend: (Time is in decaauts)
 A = Elapsed time spent in this place.
 B = Non-inter-level travel time spent in this place.
 C = Inter-level travel time spent in this place.
 D = Time resting spent in this place.
 E = Time spent auto-exploring this place.
 F = Levels seen in this place.
 G = Mean time per level.
                   A        B        C        D        E       F      G
               +--------+--------+--------+--------+--------+-----+--------+
         Total |   1895 |   1862 |     33 |      0 |   1553 |   2 |  947.5 |
       Dungeon |   1895 |   1862 |     33 |      0 |   1553 |   2 |  947.5 |
               +--------+--------+--------+--------+--------+-----+--------+

Top non-repeatable levels by time:
     D:1: 1432 daAuts
     D:2: 463 daAuts
